 Dungeon Crawl Stone Soup version 0.30-a0-1124-g6e8f0f562f (webtiles) character file.

Game seed: 7770195911597502443

38 Zeldest the Grasshopper (level 3, -3/36 HPs)
             Began as an Ogre Warper on Apr 23, 2023.
             Slain by a cerulean imp
             ... wielding a +1 spear
             ... summoned by Natasha
              (5 damage)
             ... on level 2 of the Dungeon.
             The game lasted 00:01:48 (715 turns).

Zeldest the Grasshopper (Ogre Warper)                Turns: 715, Time: 00:01:49

Health: -3/36      AC:  3    Str: 15    XL:     3   Next: 43%
Magic:  6/6        EV:  9    Int: 16    God:
Gold:   36         SH:  0    Dex:  8    Spells: 6/6 levels left

rFire   . . .        a - +0 mace
rCold   . . .        (no shield)
rNeg    . . .        b - +0 robe
rPois   .            (helmet restricted)
rElec   .            (no cloak)
rCorr   +            (gloves unavailable)
SInv    .            (boots unavailable)
Will    .....        (no amulet)
Stlth   +            m - ring of resist corrosion
HPRegen 0.26/turn    (no ring)
MPRegen 0.10/turn

%: no passive effects
@: slowed, very slow
A: large, unfitting armour, tough skin 1
a: no special abilities


You were on level 2 of the Dungeon.
You visited 1 branch of the dungeon, and saw 2 of its levels.

You collected 36 gold pieces.

Inventory:

Hand Weapons
 a - a +0 mace (weapon)
Missiles
 d - 7 boomerangs of dispersal (quivered)
 g - a throwing net
Armour
 b - a +0 robe (worn)
Jewellery
 m - a ring of resist corrosion (left hand)
Scrolls
 e - a scroll of magic mapping {unknown}
 h - a scroll of summoning {unknown}
 i - a scroll of identify {unknown}
 j - a scroll of fog {unknown}
 k - 2 scrolls of torment {unknown}
Potions
 f - 2 potions of curing {unknown}
 l - a potion of flight {unknown}


   Skills:
 - Level 2.6 Fighting
 + Level 2.6 Maces & Flails
 - Level 1.0 Throwing
 - Level 2.1 Dodging
 - Level 2.4 Spellcasting
 + Level 3.4 Translocations


You had 6 spell levels left.
You didn't know any spells.
Your spell library contained the following spells:

 Spells                   Type           Power      Damage    Failure   Level
 Blink                    Tloc           24%        N/A       8%          2
 Lesser Beckoning         Tloc           24%        N/A       8%          2
 Teleport Other           Tloc           12%        N/A       14%         3
 Vhi's Electric Charge    Tloc/Air       14%        N/A       30%         3
 Manifold Assault         Tloc           12%        N/A       43%         4


Dungeon Overview and Level Annotations

Branches:
Dungeon (2/15) Zot: 11244

Altars:

Annotations:
D:2 Natasha


Innate Abilities, Weirdness & Mutations

You are too large for most types of armour.
You have tough skin. (AC +1)


Message History

Natasha, Servant of Life and Death comes into view.
Natasha hisses angrily.
Natasha casts a spell at you. You resist with some effort.
Natasha is nearby!
Natasha is nearby!
Natasha stares at you and mumbles some strange words.
You feel yourself slow down.
Natasha howls an incantation.
You feel troubled.
Found 7 gold pieces.
Natasha casts a spell.
The cerulean imp attacks as you move away!
The cerulean imp closely misses you.
The cerulean imp hits you from afar with a +2 spear.
You completely miss Natasha. Natasha claws you.
The cerulean imp hits you from afar with a +2 spear.
Natasha closely misses you.
The cerulean imp hits you from afar with a +2 spear!
You miss Natasha. Natasha claws you. The cerulean imp closely misses you.
Natasha closely misses you.
The cerulean imp hits you from afar with a +2 spear.
* * * LOW HITPOINT WARNING * * *
You closely miss Natasha. Natasha completely misses you.
The cerulean imp hits you from afar with a +2 spear.
* * * LOW HITPOINT WARNING * * *
Natasha claws you!
* * * LOW HITPOINT WARNING * * *
The cerulean imp closely misses you.
Blink to where?
Press: ? - help, Dir - move target
As you read the scroll of blinking, it crumbles to dust.
Natasha casts a spell.
The cerulean imp barely misses you. The cerulean imp closely misses you.
Natasha casts a spell.
The cerulean imp closely misses you. The cerulean imp barely misses you.
There is a stone staircase leading up here.
The cerulean imp hits you from afar with a +1 spear.
You die...

#..# #..# #..#
#..# ## #.^# ..
#†.# .###. #..#
...#.##..#
.......@.####.#
.###.55.5.....#
#.###.###h######
#......h..#
#####.##### #.
#$ .. ..


You could see Natasha and 3 cerulean imps.

Vanquished Creatures
  4 endoplasms (D:1)
  A giant cockroach (D:1)
  3 goblins (D:1)
  2 hobgoblins (D:1)
  7 jackals (D:1)
  4 kobolds (D:1)
  3 ball pythons (D:1)
  6 bats (D:1)
  3 rats
33 creatures vanquished.

Notes
Turn   | Place    | Note
-------+----------+-------------------------------------------
     0 | D:1      | Zeldest the Ogre Warper began the quest for the Orb.
     0 | D:1      | Reached XP level 1. HP: 22/22 MP: 3/3
   104 | D:1      | Reached XP level 2. HP: 11/29 MP: 5/5
   107 | D:1      | Reached skill level 3 in Translocations
   310 | D:1      | Reached XP level 3. HP: 27/36 MP: 6/6
   704 | D:2      | Noticed Natasha
   711 | D:2      | HP: 1/36 [Natasha (7)]
   715 | D:2      | Slain by a cerulean imp

Illustrated notes

Levels and vault maps discovered:
D:1:      sevenhm_arrival_forest_fort_small_1, layout_rooms, minmay_distorted
D:2:      layout_loops_ring, basic_altar, hangedman_decor_push, uniq_natasha

Skill      XL: |  1  2 |
---------------+-------+-----
Maces & Flails | 2 |  2.6
Translocations | 3 |  3.4
Fighting       | |  2.6
Throwing       | |  1.0
Dodging        | |  2.1
Spellcasting   | |  2.4

Action                     || total
---------------------------++-------
  Melee: Mace              ||   110
    Use: Scroll            ||     1
 Armour: Robe              ||    76
  Dodge: Dodged            ||    99

Table legend: (Time is in decaauts)
 A = Elapsed time spent in this place.
 B = Non-inter-level travel time spent in this place.
 C = Inter-level travel time spent in this place.
 D = Time resting spent in this place.
 E = Time spent auto-exploring this place.
 F = Levels seen in this place.
 G = Mean time per level.
                   A        B        C        D        E       F      G
               +--------+--------+--------+--------+--------+-----+--------+
         Total |    753 |    737 |     16 |    162 |    312 |   2 |  376.5 |
       Dungeon |    753 |    737 |     16 |    162 |    312 |   2 |  376.5 |
               +--------+--------+--------+--------+--------+-----+--------+

Top non-repeatable levels by time:
     D:1: 727 daAuts
     D:2: 26 daAuts
